 Dungeon Crawl Stone Soup version 0.18.1-48-g4cf74bf (webtiles) character file.

371212 Alarkh the Impaler (level 21, -9/159 HPs)
             Began as a Mummy Skald on July 24, 2016.
             Was an Initiate of Gozag.
             Mangled by Mennas
             ... wielding a +3 scimitar of holy wrath
              (14 damage)
             ... on level 2 of the Crypt on July 25, 2016.
             The game lasted 02:25:17 (52904 turns).

Alarkh the Impaler (Mummy Skald)                   Turns: 52904, Time: 02:25:17

Health: -9/159     AC: 32    Str: 21    XL:     21   Next: 70%
Magic:  31/39      EV: 16    Int: 23    God:    Gozag
Gold:   914        SH:  0    Dex: 13    Spells: 7 memorised, 25 levels left

rFire  + + +     SeeInvis +     a - +5 demon trident (elec)
rCold  + + .     Gourm    .     y - +5 ring mail {rF+}
rNeg   + + +     Faith    .     A - +3 buckler {rC+ rF+}
rPois  ∞         Spirit   .     l - +2 helmet {Int+3}
rElec  +         Dismiss  .     L - +2 cloak
rCorr  +         Reflect  .     s - +2 pair of gloves {Str+3}
SustAt .         Harm     .     H - +2 pair of boots
MR     ++...                    r - amulet of regeneration
Stlth  ..........               z - ring of Lerysep {Fire rElec Str-2 Slay+5 SInv}
                                x - +6 ring of protection

@: confused, mighty, resistant, very slightly contaminated, hasted, glowing,
repel missiles, very quick, very resistant to hostile enchantments, extremely
unstealthy
A: no food or potions, fire vulnerability, cold resistance 1, negative energy
resistance 3, torment resistance, unbreathing, in touch with death 1, restore
body
a: Self-Restoration, Potion Petition, Call Merchant, Bribe Branch, Renounce
Religion
}: 2/15 runes: decaying, gossamer


You were on level 2 of the Crypt.
You worshipped Gozag.
Gozag was noncommittal.
You were not hungry.

You visited 9 branches of the dungeon, and saw 43 of its levels.
You visited 1 bazaar.
You also visited: Labyrinth and Trove.

You collected 19962 gold pieces.
You spent 5071 gold pieces at shops.
You paid 13977 gold pieces to Gozag.

Inventory:

Hand Weapons
 a - a +5 demon trident of electrocution (weapon)
 b - a +0 demon trident of flaming
Missiles
 h - 6 throwing nets (quivered)
Armour
 l - a +2 helmet of intelligence (worn)
 s - a +2 pair of gloves of strength (worn)
 y - a +5 ring mail of fire resistance (worn)
 A - a +3 buckler of resistance (worn)
 H - a +2 pair of boots (worn)
 L - a +2 cloak (worn)
Rods
 O - a +3 lightning rod (14/14)
   (You found it in a labyrinth)
 P - a +3 lightning rod (13/13)
   (You found it in a labyrinth)
Jewellery
 f - an uncursed ring of flight
 g - an uncursed ring of sustain attributes
 o - an uncursed ring of resist corrosion
 r - an amulet of regeneration (around neck)
 x - a +6 ring of protection (left hand)
 z - the ring of Lerysep (right hand) {Fire rElec Str-2 Slay+5 SInv}
   (You bought it in a shop on level 2 of the Lair of Beasts)

   [ring of fire]

   It enhances your fire magic, and weakens your ice magic.
   It affects your strength (-2).
   It affects your accuracy and damage with ranged weapons and melee attacks
   (+5).
   It protects you from fire.
   It makes you vulnerable to cold.
   It insulates you from electricity.
   It lets you see invisible.
 M - an uncursed ring of teleportation
 T - an uncursed ring of protection from cold
 U - an uncursed ring of protection from fire
Wands
 e - a wand of heal wounds (5/9)
 v - a wand of paralysis (14/24)
 G - a wand of disintegration (10/24)
Scrolls
 c - 6 scrolls of identify
 i - 9 scrolls of teleportation
 k - 2 scrolls of torment
 q - 14 scrolls of fog
 t - 10 scrolls of recharging
 u - 3 scrolls of fear
 N - 14 scrolls of remove curse
 R - 7 scrolls of magic mapping
 V - 2 scrolls of blinking
Books
 d - a book of Envenomations

   Spells                             Type                      Level
   a - Spider Form                    Transmutation/Poison         3
   b - Olgreb's Toxic Radiance        Poison                       4
   c - Alistair's Intoxication        Transmutation/Poison         5
   d - Poisonous Cloud                Conjuration/Poison/Air       6
Miscellaneous
 n - a crystal ball of energy
 w - an ornate deck of defence {the Shadow}


   Skills:
 - Level 12.0 Fighting
 - Level 16.3 Polearms
 - Level 10.0 Armour
 - Level 10.1 Dodging
 - Level 5.2 Shields
 + Level 14.8 Spellcasting
 - Level 9.0 Charms
 - Level 10.2 Summonings
 - Level 2.2 Translocations
 * Level 15.0 Air Magic


You had 25 spell levels left.
You knew the following spells:

 Your Spells              Type           Power        Failure   Level  Hunger
a - Spectral Weapon       Hex/Chrm       #####...     2%          3    N/A
b - Blink                 Tloc           N/A          3%          2    N/A
c - Infusion              Chrm           ####         1%          1    N/A
d - Repel Missiles        Chrm/Air       ######       1%          2    N/A
e - Shroud of Golubria    Chrm/Tloc      #####.....   1%          2    N/A
f - Tornado               Air            ######....   100%        9    N/A
r - Aura of Abjuration    Summ           ######....   2%          5    N/A

Dungeon Overview and Level Annotations

Branches:
Dungeon (15/15)            Temple (1/1) D:5            Lair (8/8) D:10
  Swamp (4/4) Lair:3       Spider (4/4) Lair:4        Slime (0/6) Lair:8
    Orc (2/2) D:10            Elf (3/3) Orc:2        Vaults (4/5) D:13
  Crypt (2/3) Vaults:3     Depths (0/5) D:15

Altars:
Ashenzari
Cheibriados
Dithmenos
Elyvilon
Fedhas
Gozag
Kikubaaqudgha
Makhleb
Nemelex Xobeh
Okawaru
Pakellas
Qazlal
Ru
Sif Muna
Trog
Vehumet
Xom
Yredelemnul
Zin
The Shining One
Beogh
Jiyva

Shops:
D:14 (   Orc:2 !((}   Elf:2 =   Lair:2 =*((*((([   Vaults:3 !

Annotations:
Elf:2 3 runed doors
Crypt:2 Mennas


Innate Abilities, Weirdness & Mutations

You do not eat or drink.
Your flesh is vulnerable to fire.
You are immune to poison.
Your flesh is cold resistant.
You are immune to negative energy.
You are immune to unholy pain and torment.
You can survive without breathing.
You are in touch with the powers of death.
You can restore your body by infusing magical energy.


Message History

Are you sure you want to stumble around while confused and next to your spectral weapon?
Okay, then.
Unknown command.
Are you sure you want to stumble around while confused and next to your spectral weapon?
Mennas blocks your attack.
Mennas is almost dead.
Mennas blocks your spectral weapon's attack.
Mennas hits you with a scimitar of holy wrath!
* * * LOW HITPOINT WARNING * * *
You convulse.
* * * LOW HITPOINT WARNING * * *
Mennas hits you with a scimitar of holy wrath.
* * * LOW HITPOINT WARNING * * *
You convulse!
* * * LOW HITPOINT WARNING * * *
Are you sure you want to stumble around while confused and next to your spectral weapon?
You're too confused to move!
Mennas hits you with a scimitar of holy wrath!
You die...
Your body crumbles into a pile of gold.

########### ######
##.........##
.....####...........####
........'...[...@....'..
#.##....'......(A....'..
#'###..##............#.#
...##..###''#<.....###.#
...##..###..#......'..(#...
...'........#......'...'A...
...'........'......#...'.>..
...###.###..'......#.###....$
...###+######......#'## ...


You could see Mennas and a friendly spectral demon trident of electrocution.

Vanquished Creatures
  Khufu (Vaults:3)
  2 greater mummies (Crypt:1)
  Nikola (Elf:1)
  The ghost of Inkary the Slayer, an adept MiFi of Okawaru (Elf:3)
  A lich (Vaults:1)
  2 deep elf master archers (Elf:3)
  2 deep elf blademasters (Elf:3)
  An ancient champion (Vaults:3)
  Agnes (Spider:2)
  Kirke (Lair:5)
  A revenant (Crypt:1)
  2 deep elf sorcerers
  A frost giant (Vaults:3)
  An orc warlord (Orc:2)
  10 vault wardens
  Maud (Lair:4)
  Aizul (Vaults:3)
  A caustic shrike zombie (Crypt:1)
  4 ghost moths
  A curse skull (Crypt:2)
  4 deep elf elementalists (Elf:3)
  6 emperor scorpions
  10 ghouls
  A war gargoyle (Vaults:2)
  3 very ugly things
  15 ironheart preservers
  3 stone giants
  A vampire knight (Crypt:2)
  3 deep elf demonologists (Elf:3)
  2 deep elf annihilators
  4 spark wasps
  Azrael (Spider:2)
  11 vault guards
  The ghost of Heedrag the Eclecticist, a journeyman DECj of Vehumet (Lair:5)
  9 deep elf death magi
  8 eidola
  11 jiangshi
  3 deep elf high priests
  Erolcha (D:10)
  3 fire dragons
  A minotaur (Lab)
  2 great orbs of eyes
  7 yaktaur captains
  Harold (D:10)
  The ghost of nikopol the Fighter, a journeyman MiBe of Trog (Lair:2)
  2 rakshasas
  2 entropy weavers
  8 ogre magi
  4 ice dragons
  4 ghost crabs
  7 centaur warriors
  13 hydras
  2 death knights
  7 alligators
  7 vampire magi
  4 orc high priests (Orc:2)
  10 death yaks
  A deep troll shaman (Vaults:4)
  2 tengu warriors
  Urug (D:11)
  A soul eater (Crypt:1)
  6 spriggans
  17 deep elf knights
  2 shadow wraiths
  Nergalle (D:10)
  6 deep trolls
  6 skeletal warriors
  A golden dragon zombie (Crypt:1)
  An unseen horror (D:15)
  4 wizards (D:13)
  4 swamp dragons
  A shambling mangrove (Swamp:4)
  7 hill giants
  3 spectral hydras (Swamp:4)
  13 ironbrand convokers
  7 orc knights
  13 deep elf archers
  2 lindwurms (Lair:8)
  3 phantasmal warriors
  6 wolf spider zombies (Spider:3)
  4 harpies
  5 necromancers
  14 orb spiders
  7 orc sorcerers
  4 cyclopes
  28 wolf spiders
  29 deep elf magi
  A mana viper (shapeshifter) (Vaults:2)
  16 hornets
  A salamander (D:15)
  25 ugly things
  A griffon (Vaults:1)
  4 oklob plants
  A salamander (shapeshifter) (D:15)
  2 manticores (Lair:5)
  2 centaur zombies
  10 elephants (Lair:5)
  2 moths of wrath
  A fire giant skeleton (Vaults:1)
  A guardian serpent (shapeshifter) (D:15)
  A stone giant skeleton (Crypt:1)
  8 black mambas
  7 torpor snails
  6 vault sentinels
  An eye of devastation (Lair:8)
  6 centaur skeletons
  17 spiny frogs
  5 kobold demonologists
  A yellow draconian zombie (Crypt:1)
  7 rime drakes (Lair:5)
  A green draconian zombie (Crypt:1)
  11 freezing wraiths
  12 komodo dragons
  24 yaktaurs
  A swamp worm zombie (Swamp:4)
  2 efreet
  11 demonic crawlers
  8 redback zombies (Spider:3)
  5 hydra zombies (Swamp:4)
  A minotaur zombie (Lab)
  2 polar bears
  46 jumping spiders
  5 trolls
  9 giant leeches
  A wind drake (shapeshifter) (Vaults:2)
  27 slime creatures
  16 two-headed ogres
  A tengu simulacrum (Vaults:1)
  Grinder (D:3)
  9 bog bodies
  A raiju (shapeshifter) (D:15)
  3 blink frogs (Lair:8)
  2 spectral swamp dragons (Swamp:4)
  6 boulder beetles
  2 alligator zombies (Swamp:4)
  A slime creature (shapeshifter) (D:15)
  13 tarantella zombies
  6 flying skulls
  Sigmund (D:2)
  96 redbacks
  5 water elementals
  16 shadows
  8 basilisks
  A spriggan (shapeshifter) (D:13)
  2 tarantellas (shapeshifter) (Vaults:1)
  7 wyverns
  45 yaks
  2 vampires
  5 air elementals
  An ettin skeleton (Crypt:1)
  25 tarantellas
  9 wraiths
  A golden eye (shapeshifter) (Vaults:3)
  6 fire elementals
  16 humans (D:13)
  8 hippogriffs
  7 hogs (Lair:5)
  A hungry ghost (D:12)
  A wyvern (shapeshifter) (Vaults:1)
  A human simulacrum (Vaults:1)
  Grum (D:9)
  5 wargs
  Menkaure (D:5)
  47 vampire mosquitoes
  13 swamp worms
  2 infernal demonspawn zombies
  22 insubstantial wisps
  4 mottled dragons
  A spiny frog zombie (Crypt:2)
  12 water moccasins
  7 hell hounds
  13 porcupines
  A black bear (D:7)
  A deep troll skeleton (Crypt:2)
  5 swamp drakes
  7 ice beasts
  A human zombie (Vaults:1)
  2 swamp dragon zombies (Swamp:4)
  48 orc warriors
  7 phantoms
  14 wasps
  A sky beast (D:10)
  An eye of draining (Lair:8)
  2 necrophages
  9 wolves
  39 ogres
  A snapping turtle skeleton (Crypt:1)
  A human skeleton (Vaults:1)
  A manticore skeleton (Crypt:1)
  13 crocodiles
  23 centaurs
  3 big kobolds
  19 giant frogs
  An earth elemental (Elf:2)
  7 scorpions
  22 killer bees
  15 wights
  2 howler monkeys
  8 electric eels
  2 giant frog zombies
  4 crimson imps
  A wasp zombie (D:12)
  A basilisk zombie (Lair:5)
  2 quasits
  7 hounds
  12 jellies
  A giant frog skeleton (D:11)
  36 orc priests
  A black bear zombie (Crypt:1)
  10 iguanas
  A spectral swamp drake (Swamp:4)
  16 orc wizards
  6 worker ants
  11 sheep
  A crocodile zombie (Lair:5)
  An ogre skeleton (Crypt:2)
  2 hound skeletons
  A mummy (Crypt:1)
  2 worker ant zombies
  Robin (D:2)
  A howler monkey skeleton (D:6)
  2 swamp drake zombies (Swamp:4)
  9 adders
  55 river rats
  2 shadow imps (D:6)
  A halfling zombie (Crypt:2)
  A lava snake zombie (Crypt:2)
  An adder skeleton (D:6)
  An iguana skeleton (Crypt:1)
  22 worms
  A dart slug (D:1)
  5 giant geckos
  141 orcs
  6 giant cockroaches
  15 goblins
  8 hobgoblins
  5 jackals
  8 quokkas
  A ball python (D:6)
  9 bats
  A giant gecko zombie (Crypt:1)
  6 giant newts
  A jackal skeleton (D:8)
  9 kobolds
  A quokka skeleton (D:5)
  5 rats
  3 plants (Lair:4)
1855 creatures vanquished.

Vanquished Creatures (others)
  A deep elf elementalist (Elf:3)
  A deep elf high priest (Elf:3)
  14 dancing weapons
  2 deep elf magi (Elf:3)
  A redback (Spider:4)
  6 fungi
  3 lost souls
  22 plants
  109 spectral weapons
  12 withered plants (Swamp:2)
171 creatures vanquished.

Grand Total: 2026 creatures vanquished

Notes
Turn   | Place    | Note
--------------------------------------------------------------
     0 | D:1      | Alarkh the Mummy Skald began the quest for the Orb.
     0 | D:1      | Reached XP level 1. HP: 16/16 MP: 3/3
   161 | D:3      | Noticed an orc wizard
   184 | D:2      | Noticed Sigmund
   213 | D:1      | Reached skill level 2 in Polearms
   284 | D:1      | Reached XP level 2. HP: 19/22 MP: 0/5
   709 | D:2      | Noticed Robin
   796 | D:2      | Found an opulent altar of Gozag.
   802 | D:2      | Became a worshipper of Gozag Ym Sagoz the Greedy
  1151 | D:1      | Learned a level 2 spell: Shroud of Golubria
  1202 | D:1      | Reached XP level 3. HP: 24/27 MP: 3/6
  1217 | D:1      | Learned a level 3 spell: Spectral Weapon
  1312 | D:2      | Reached skill level 3 in Polearms
  1787 | D:2      | Killed Robin
  2056 | D:3      | Noticed Grinder
  2085 | D:3      | Paralysed by Grinder for 2 turns
  2111 | D:3      | Paralysed by Grinder for 2 turns
  2475 | D:2      | Killed Sigmund
  2475 | D:2      | Reached skill level 5 in Polearms
  2475 | D:2      | Reached XP level 4. HP: 32/33 MP: 3/7
  2475 | D:2      | Reached XP level 5. HP: 37/38 MP: 3/8
  2691 | D:2      | Found a faded altar to an unknown god.
  2738 | D:2      | Found a deep blue altar of Sif Muna.
  2841 | D:3      | Paralysed by Grinder for 6 turns
  3116 | D:3      | Paralysed by Grinder for 3 turns
  3378 | D:3      | Killed Grinder
  3378 | D:3      | Reached skill level 6 in Polearms
  3378 | D:3      | Reached XP level 6. HP: 41/44 MP: 3/9
  4447 | D:4      | Reached XP level 7. HP: 48/50 MP: 4/10
  4541 | D:4      | Found a stormy altar of Qazlal.
  4573 | D:4      | Found a shattered altar of Ashenzari.
  4934 | D:5      | Entered Level 5 of the Dungeon
  5067 | D:5      | Found a staircase to the Ecumenical Temple.
  5128 | Temple   | Entered the Ecumenical Temple
  5402 | D:5      | Noticed Menkaure
  5581 | D:5      | Killed Menkaure
  5581 | D:5      | Reached skill level 7 in Polearms
  6144 | D:6      | Found an oddly glowing altar of Pakellas.
  6222 | D:6      | Reached XP level 8. HP: 44/56 MP: 4/11
  6279 | D:6      | Reached skill level 8 in Polearms
  7078 | D:7      | Noticed a green ugly thing
  7097 | D:7      | Killed a green ugly thing
  7097 | D:7      | Reached skill level 9 in Polearms
  7613 | D:6      | Reached skill level 10 in Polearms
  7669 | D:7      | Reached XP level 9. HP: 52/61 MP: 8/12
  8689 | D:8      | Found a white marble altar of Elyvilon.
  8805 | D:9      | Found a viscous altar of Jiyva.
  8913 | D:9      | Found a radiant altar of Vehumet.
  9058 | D:9      | Noticed Grum
  9092 | D:8      | Reached XP level 10. HP: 21/67 MP: 17/17
  9179 | D:9      | Killed Grum
  9236 | D:9      | Reached skill level 5 in Charms
  9245 | D:9      | Reached skill level 5 in Spellcasting
  9445 | D:9      | Found a sacrificial altar of Ru.
  9445 | D:9      | Found a sparkling altar of Nemelex Xobeh.
  9511 | D:9      | You fall through a shaft for 3 floors!
  9613 | D:12     | Noticed a cyan ugly thing
  9624 | D:12     | Killed a red ugly thing
  9624 | D:12     | Reached skill level 11 in Polearms
  9877 | D:12     | Found a labyrinth entrance.
  9882 | Lab      | Entered a labyrinth
 10287 | Lab      | Noticed a minotaur
 10293 | Lab      | Killed a minotaur
 10297 | Lab      | Got a scintillating tin ring
 10318 | Lab      | Got an ancient plate armour
 10337 | Lab      | Identified the +4 plate armour of Duty {Slay+3} (You found it in a labyrinth)
 10362 | D:12     | Identified the cursed ring of Ruwula {rPois Str-2 Int-4 Dex+4 Slay+6} (You found it in a labyrinth)
 10612 | D:12     | Noticed a hill giant
 10620 | D:12     | Killed a hill giant
 10672 | D:12     | Reached XP level 11. HP: 72/72 MP: 13/20
 11056 | D:12     | Reached skill level 12 in Polearms
 11258 | D:11     | Found a blossoming altar of Fedhas.
 11509 | D:11     | Noticed Urug
 11575 | D:10     | Entered Level 10 of the Dungeon
 11714 | D:10     | Noticed a hill giant
 11717 | D:10     | Killed a hill giant
 11751 | D:10     | Found a staircase to the Orcish Mines.
 11826 | D:10     | Noticed Harold
 11840 | D:10     | Killed Harold
 11847 | D:10     | Reached skill level 13 in Polearms
 12012 | D:10     | Noticed Erolcha
 12021 | D:10     | Killed Erolcha
 12040 | D:10     | Noticed Nergalle
 12048 | D:10     | Killed Nergalle
 12075 | D:10     | Found a staircase to the Lair.
 12111 | D:10     | Noticed a hill giant
 12122 | D:10     | Killed a hill giant
 12177 | D:9      | Found a basalt altar of Yredelemnul.
 12233 | D:9      | Found an ancient bone altar of Kikubaaqudgha.
 13023 | D:10     | Found a roughly hewn altar of Beogh.
 13165 | Lair:1   | Entered Level 1 of the Lair of Beasts
 13270 | Lair:2   | Reached skill level 14 in Polearms
 13270 | Lair:2   | Reached XP level 12. HP: 78/78 MP: 15/21
 13615 | Lair:2   | Noticed nikopol's ghost (journeyman MiBe)
 13642 | Lair:2   | Killed nikopol's ghost
 14149 | Lair:1   | Noticed an eight-headed hydra
 14162 | Lair:1   | Killed an eight-headed hydra
 14459 | Lair:1   | Reached skill level 15 in Polearms
 14893 | Lair:2   | Bought a +3 ring mail of fire resistance for 494 gold pieces
 15052 | Lair:3   | Found a runed door.
 15471 | Lair:3   | Found a staircase to the Swamp.
 15812 | Lair:3   | Noticed a six-headed hydra
 15821 | Lair:3   | Killed a six-headed hydra
 15950 | Lair:4   | Found a hole to the Spider Nest.
 16096 | Lair:4   | Gained mutation: You are in touch with the powers of death. [Mummy growth]
 16096 | Lair:4   | Gained mutation: You can restore your body by infusing magical energy. [Mummy growth]
 16096 | Lair:4   | Reached XP level 13. HP: 83/83 MP: 17/24
 16232 | Lair:4   | Noticed Maud
 16252 | Lair:4   | Killed Maud
 16871 | Lair:5   | Noticed Heedrag's ghost (journeyman DECj)
 16885 | Lair:5   | Killed Heedrag's ghost
 17160 | Lair:5   | Reached skill level 16 in Polearms
 17603 | Lair:5   | Reached XP level 14. HP: 75/90 MP: 22/27
 17606 | Lair:5   | Noticed Kirke
 17628 | Lair:5   | Killed Kirke
 17850 | Lair:5   | Reached skill level 1 in Armour
 17850 | Lair:5   | Reached skill level 1 in Dodging
 17859 | Lair:5   | Reached skill level 1 in Shields
 19008 | Lair:6   | Learned a level 2 spell: Blink
 19514 | Lair:7   | Reached skill level 1 in Translocations
 19803 | Lair:8   | Entered Level 8 of the Lair of Beasts
 20036 | Lair:8   | Got a sparkling golden ring
 20049 | Lair:8   | Identified the ring of Dawn {rN+ MR+ Str-4 Int+2 Dex+3} (You found it on level 8 of the Lair of Beasts)
 20062 | Lair:8   | Found a staircase to the Slime Pits.
 20543 | Lair:8   | Found a runed door.
 20756 | Lair:8   | Reached skill level 5 in Fighting
 21364 | Orc:1    | Entered Level 1 of the Orcish Mines
 21488 | Orc:1    | Found a roughly hewn altar of Beogh.
 21821 | Orc:2    | Entered Level 2 of the Orcish Mines
 21937 | Orc:2    | Found a roughly hewn altar of Beogh.
 22048 | Orc:2    | Reached XP level 15. HP: 69/105 MP: 22/28
 22052 | Orc:2    | Found Qeobbuim's Distillery.
 22110 | Orc:2    | Found Fopempuq's Antique Weapon Shoppe.
 22667 | Orc:2    | Noticed an orc warlord
 22683 | Orc:2    | Killed an orc warlord
 22928 | Orc:2    | Reached skill level 5 in Shields
 22934 | Orc:2    | Found Waecajepn's Gadget Emporium.
 22968 | Orc:2    | Found a roughly hewn altar of Beogh.
 23110 | Orc:2    | Found Piamu's Antique Weapon Shop.
 23124 | Orc:2    | Reached skill level 5 in Dodging
 23265 | Orc:2    | Found a staircase to the Elven Halls.
 23845 | Lair:2   | Bought a hardcover book for 375 gold pieces
 23845 | Lair:2   | Bought an ancient spear for 200 gold pieces
 23845 | Lair:2   | Identified the +6 spear of Trog's Outrage {pierce, +Rage rC++ Str+2} (You bought it in a shop on level 2 of the Lair of Beasts)
 23876 | Lair:2   | Learned a level 5 spell: Aura of Abjuration
 23888 | Lair:2   | Learned a level 9 spell: Tornado
 24027 | D:11     | Got a translucent ring mail
 24045 | D:11     | Identified the cursed +0 ring mail "Jefi" {Dex+2} (You found it on level 11 of the Dungeon)
 24071 | D:11     | Reached skill level 5 in Armour
 24237 | Lair:2   | Bought a +2 helmet of intelligence for 322 gold pieces
 24321 | D:11     | Found a blossoming altar of Fedhas.
 24358 | D:11     | Killed Urug
 25052 | D:13     | Found a gate to the Vaults.
 26270 | D:14     | Found Qavvozy's Antique Weapon Boutique.
 26278 | D:14     | Bought a runed trident for 115 gold pieces
 26594 | D:15     | Entered Level 15 of the Dungeon
 27121 | D:15     | Found a staircase to the Depths.
 27136 | D:15     | Reached XP level 16. HP: 106/118 MP: 27/29
 27720 | Swamp:1  | Entered Level 1 of the Swamp
 29273 | Swamp:2  | Reached skill level 10 in Fighting
 30288 | Swamp:4  | Entered Level 4 of the Swamp
 30784 | Swamp:4  | Got a smoking leather armour
 30813 | Swamp:4  | Identified the cursed +0 leather armour of Xakkiarch {rF- rC+ Int+4} (You found it on level 4 of the Swamp)
 31306 | Swamp:4  | Noticed a bone dragon
 31745 | Swamp:4  | Got a decaying rune of Zot
 32127 | Vaults:1 | Entered Level 1 of the Vaults
 32141 | Vaults:1 | Reached XP level 17. HP: 119/131 MP: 27/30
 32920 | Vaults:1 | Reached skill level 10 in Dodging
 33153 | Vaults:1 | Reached skill level 10 in Armour
 33237 | Vaults:1 | Reached skill level 1 in Air Magic
 33322 | Vaults:1 | Reached skill level 1 in Summonings
 33667 | Vaults:1 | Reached skill level 10 in Spellcasting
 34061 | Vaults:2 | Noticed a lich
 34140 | Vaults:1 | Killed a lich
 34220 | Vaults:2 | Reached skill level 5 in Air Magic
 34352 | Vaults:2 | Reached XP level 18. HP: 119/140 MP: 29/32
 35958 | Vaults:3 | Reached skill level 5 in Summonings
 35965 | Vaults:3 | Found a staircase to the Crypt.
 37042 | Vaults:3 | Found Ticeq's Distillery.
 37155 | Vaults:4 | Noticed Aizul
 37166 | Vaults:4 | HP: 4/140 [yaktaur/bolt[a yaktaur captain] (4)]
 37458 | Vaults:3 | Killed Aizul
 38105 | Vaults:4 | Found a portal to a secret trove of treasure.
 38517 | Vaults:4 | Reached XP level 19. HP: 146/146 MP: 32/34
 39665 | Lair:2   | Bought the ring of Lerysep {Fire rElec Str-2 Slay+5 SInv} for 1080 gold pieces
 39775 | Spider:1 | Entered Level 1 of the Spider Nest
 40189 | Spider:1 | Reached skill level 10 in Air Magic
 40784 | Spider:2 | Noticed Agnes
 40845 | Spider:2 | Killed Agnes
 41193 | Spider:2 | Noticed Azrael
 41203 | Spider:2 | Killed Azrael
 42243 | Spider:4 | Entered Level 4 of the Spider Nest
 42532 | Spider:4 | Learned a level 2 spell: Repel Missiles
 43151 | Spider:4 | Reached XP level 20. HP: 153/153 MP: 33/36
 44161 | Spider:4 | Got a gossamer rune of Zot
 44675 | Vaults:4 | You paid a toll of a wand of heal wounds (9) to enter a treasure trove
 44676 | Trove    | Entered a treasure trove
 44766 | Trove    | Got a pair of translucent boots
 44796 | Trove    | Identified the -2 pair of boots of Chill Winds {*Corrode rF+ rN+ Dex+3} (You found it in a treasure trove)
 45242 | Elf:1    | Entered Level 1 of the Elven Halls
 45555 | Elf:1    | Noticed Nikola
 45585 | Elf:1    | Killed Nikola
 45689 | Elf:1    | Found a gateway to a bazaar.
 46351 | Elf:2    | Found Duajee's Jewellery Emporium.
 46361 | Elf:2    | Identified a scroll of acquirement
 46552 | Elf:2    | Found a runed gate.
 46552 | Elf:2    | Found a runed gate.
 46552 | Elf:2    | Found a runed gate.
 46790 | Elf:3    | Entered Level 3 of the Elven Halls
 46871 | Elf:3    | Noticed a Tzitzimitl
 46886 | Elf:3    | Noticed Inkary's ghost (adept MiFi)
 47404 | Elf:3    | Killed Inkary's ghost
 47502 | Elf:3    | Reached skill level 10 in Summonings
 47923 | Elf:3    | Identified the Incunabulum of Bewitchment and Dark Magic
 48426 | Elf:3    | Reached XP level 21. HP: 106/159 MP: 33/38
 48683 | Elf:3    | Identified Sif Muna's Reference Book on Venomous Talismans
 48706 | Elf:3    | Got a shimmering shield
 48711 | Elf:3    | Got a shimmering robe
 48712 | Elf:3    | Identified the cursed +0 shield "Muntab" {MR+ Regen+ Str-4} (You found it on level 3 of the Elven Halls)
 48713 | Elf:3    | Identified the +1 robe "Basuc" {rC+ Dex+4 SInv Stlth-} (You found it on level 3 of the Elven Halls)
 49398 | Bazaar   | Entered a bazaar
 49398 | Bazaar   | Found Kopt's General Store.
 49398 | Bazaar   | Found Illelurph's Magic Scroll Shop.
 49434 | Bazaar   | Found Yhetyen's Gadget Boutique.
 49434 | Bazaar   | Found Uthex's Antique Weapon Boutique.
 49453 | Bazaar   | Found Cihui's Antique Armour Emporium.
 49476 | Bazaar   | Bought a glowing demon trident for 300 gold pieces
 49486 | Bazaar   | Bought a wand of heal wounds (5/9) for 864 gold pieces
 49516 | Bazaar   | Bought a scroll of teleportation for 30 gold pieces
 49516 | Bazaar   | Bought a scroll of enchant armour for 75 gold pieces
 49516 | Bazaar   | Bought a scroll of enchant weapon for 75 gold pieces
 49524 | Bazaar   | Bought a scroll of teleportation for 36 gold pieces
 49546 | Bazaar   | Bought an ornate deck of defence for 320 gold pieces
 49698 | Lair:2   | Bought a +0 buckler of resistance for 598 gold pieces
 49716 | Lair:2   | Got a dazzling plate armour
 49729 | Lair:2   | Identified the +1 plate armour of Insatiable Hunger {rElec} (You acquired it on level 2 of the Lair of Beasts)
 49755 | Lair:2   | Bought a scroll of blinking for 187 gold pieces
 50018 | Crypt:1  | Entered Level 1 of the Crypt
 50024 | Crypt:1  | Noticed Khufu
 50153 | Vaults:3 | Killed Khufu
 50320 | Crypt:1  | Noticed a greater mummy
 50322 | Crypt:1  | Noticed a greater mummy
 50349 | Crypt:1  | Killed a greater mummy
 50492 | Crypt:1  | Killed a greater mummy
 52501 | Crypt:2  | Reached skill level 15 in Air Magic
 52860 | Crypt:2  | Noticed Mennas
 52902 | Crypt:2  | HP: 4/159 [Mennas/scimitar of holy wrath (9)]
 52904 | Crypt:2  | Mangled by Mennas

Skill      XL: |  1  2  3  4  5  6  7  8  9 10 11 12 13 14 15 16 17 18 19 20 21 |
---------------+----------------------------------------------------------------+-----
Polearms       | 2 5 6 7 10 11 14 15 16 | 16.3
Charms         | 4 6 8 9 |  9.0
Spellcasting   | 4 6 7 9 10 11 12 13 14 | 14.8
Armour         | 4 6 9 10 | 10.0
Dodging        | 4 7 9 10 | 10.1
Shields        | 4 5 |  5.2
Fighting       | 5 8 11 12 | 12.0
Translocations | 2 |  2.2
Air Magic      | 5 9 11 13 15 | 15.0
Summonings     | 3 6 8 10 | 10.2

Action                   |  1- 3 |  4- 6 |  7- 9 | 10-12 | 13-15 | 16-18 | 19-21 || total
-------------------------+-------+-------+-------+-------+-------+-------+-------++-------
Melee: Spear             |   161 |   145 |   230 |       |    24 |    32 |       ||   592
       Trident           |       |       |   198 |   128 |       |       |       ||   326
       Halberd           |       |       |       |   448 |  1268 |  1390 |  1279 ||  4385
       Demon trident     |       |       |       |       |       |       |   500 ||   500
 Cast: Infusion          |    28 |    11 |     9 |    10 |     7 |     1 |     5 ||    71
       Shroud of Golubri |     3 |     2 |     6 |    17 |    13 |     8 |     7 ||    56
       Spectral Weapon   |     2 |     7 |    42 |    80 |   172 |   194 |   204 ||   701
       Blink             |       |       |       |       |     3 |     3 |     5 ||    11
       Aura of Abjuratio |       |       |       |       |       |       |    12 ||    12
       Repel Missiles    |       |       |       |       |       |       |     3 ||     3
Invok: Potion Petition   |       |       |     2 |     2 |       |       |     2 ||     6
       Call Merchant     |       |       |       |     2 |     3 |     2 |     2 ||     9
 Abil: Evoke Flight      |       |       |       |       |       |     1 |     1 ||     2
Evoke: Wand              |       |       |       |     4 |     8 |     1 |     1 ||    14
       Rod               |       |       |       |     7 |    12 |     4 |       ||    23
  Use: Scroll            |     3 |     3 |     8 |    11 |    22 |    16 |    34 ||    97
 Stab: Sleeping          |     1 |       |     1 |     2 |       |       |       ||     4
       Distracted        |       |       |     5 |     5 |    30 |    29 |    23 ||    92
       Fleeing           |       |       |       |       |     2 |       |       ||     2
       Confused          |       |       |       |       |       |     1 |       ||     1
Armor: Leather armour    |    35 |       |       |       |       |       |       ||    35
       Robe              |       |    41 |    87 |    78 |       |       |       ||   206
       Ring mail         |       |       |       |    27 |   338 |   473 |   720 ||  1558
Dodge: Dodged            |    69 |    41 |   153 |   125 |   341 |   655 |   837 ||  2221
       Deflected         |       |       |       |       |       |       |    21 ||    21
Block: Buckler           |       |       |       |       |       |       |   116 ||   116
